[Event "Live Chess"]
[Site "Chess.com"]
[Date "2021.02.24"]
[Round "5"]
[White "rekasztaray"]
[Black "sfdeals"]
[Result "0-1"]
[CurrentPosition "8/2p5/5kpK/p2p4/P6r/8/2P1n1PP/8 w - -"]
[Timezone "UTC"]
[ECO "C47"]
[ECOUrl "https://www.chess.com/openings/Four-Knights-Game-Scotch-Variation-Accepted-5.Nxd4-d6"]
[UTCDate "2021.02.24"]
[UTCTime "02:33:06"]
[WhiteElo "1414"]
[BlackElo "1594"]
[TimeControl "2100+2"]
[Termination "sfdeals won by checkmate"]
[StartTime "02:33:06"]
[EndDate "2021.02.24"]
[EndTime "03:24:32"]
[Link "https://www.chess.com/live/game/7872862171"]

1. e4 e5 2. Nf3 Nc6 3. Nc3 Nf6 4. d4 exd4 5. Nxd4 d6 6. Bg5 Be7 7. Bb5 Bd7 8. Nxc6 Bxc6 9. Bxc6+ bxc6 10. O-O O-O 11. Re1 h6 12. Bf4 Rb8 13. b3 Nd7 14. Qg4 Ne5 15. Qg3 Ng6 16. Be3 a5 17. a4 Bf6 18. Bd2 Re8 19. Rad1 Qd7 20. Nb1 Ra8 21. Bc3 Bxc3 22. Nxc3 Qe7 23. f3 Qe5 24. Qxe5 Rxe5 25. Rd2 Rae8 26. Nd1 f5 27. Rde2 fxe4 28. Rxe4 Kf7 29. Nc3 Rxe4 30. Rxe4 Re5 31. Kf2 Rc5 32. Re3 d5 33. Re2 Rxc3 34. Rd2 Ke6 35. Kg3 c5 36. Kg4 c4 37. Re2+ Kf6 38. f4 h5+ 39. Kxh5 Nxf4+ 40. Kg4 Nxe2 41. bxc4 Rxc4+ 42. Kh5 g6+ 43. Kh6 Rh4# 0-1

[Event "Live Chess"]
[Site "Chess.com"]
[Date "2021.02.24"]
[Round "5"]
[White "malletpercussion"]
[Black "pjkrizzle"]
[Result "0-1"]
[CurrentPosition "8/8/5ppk/P7/8/6q1/8/5q1K w - -"]
[Timezone "UTC"]
[ECO "C02"]
[ECOUrl "https://www.chess.com/openings/French-Defense-Advance-Nimzowitsch-System"]
[UTCDate "2021.02.24"]
[UTCTime "02:31:31"]
[WhiteElo "1562"]
[BlackElo "1586"]
[TimeControl "2100+2"]
[Termination "pjkrizzle won by checkmate"]
[StartTime "02:31:31"]
[EndDate "2021.02.24"]
[EndTime "03:44:00"]
[Link "https://www.chess.com/live/game/7872848783"]

1. e4 e6 2. d4 d5 3. e5 c5 4. Nf3 Nc6 5. Bb5 Bd7 6. Bxc6 bxc6 7. O-O cxd4 8. Nxd4 Bc5 9. Nc3 Ne7 10. Bg5 h6 11. Bh4 Qc7 12. Na4 Bxd4 13. Qxd4 Nf5 14. Qg4 Qxe5 15. Bg3 Nxg3 16. fxg3 O-O 17. Nc5 Qe3+ 18. Kh1 Qxc5 19. c3 Rab8 20. Rab1 Rb7 21. Qf4 Qe7 22. b4 e5 23. Qf2 e4 24. Rbe1 Be6 25. Qd4 Rc8 26. a3 c5 27. Qe5 cxb4 28. cxb4 Rbc7 29. h3 Rc3 30. Ra1 f6 31. Qf4 a5 32. bxa5 Rxa3 33. Kh2 Ra8 34. Qd2 Qc7 35. Rxa3 Qc4 36. Re1 Ra6 37. Rc1 Qb5 38. Rca1 h5 39. Qf4 Qc6 40. Qb8+ Kh7 41. Qf8 d4 42. Qb4 d3 43. Rc3 Qa8 44. Rc5 h4 45. gxh4 e3 46. Qd4 Qb8+ 47. Kg1 Bxh3 48. Qe4+ g6 49. gxh3 Qg3+ 50. Qg2 Qxh4 51. Qb7+ Kh6 52. Qxa6 Qg3+ 53. Kh1 Qxh3+ 54. Kg1 Qg3+ 55. Kh1 e2 56. Rcc1 Qh3+ 57. Kg1 Qg3+ 58. Kh1 Qh3+ 59. Kg1 Qe3+ 60. Kh1 d2 61. Re1 Qf3+ 62. Kg1 Qg3+ 63. Kh1 dxe1=Q+ 64. Rxe1 Qxe1+ 65. Kh2 Qh4+ 66. Kg2 e1=Q 67. Qf1 Qhg3+ 68. Kh1 Qxf1# 0-1

[Event "Live Chess"]
[Site "Chess.com"]
[Date "2021.02.24"]
[Round "5"]
[White "jah23"]
[Black "victor6688"]
[Result "1-0"]
[CurrentPosition "3r2k1/R4p1p/p5pB/8/8/7P/PP3PPK/8 b - -"]
[Timezone "UTC"]
[ECO "D00"]
[ECOUrl "https://www.chess.com/openings/Queens-Pawn-Opening-Chigorin-Variation-2...Nf6-3.Nf3-g6"]
[UTCDate "2021.02.24"]
[UTCTime "02:31:49"]
[WhiteElo "1521"]
[BlackElo "1388"]
[TimeControl "2100+2"]
[Termination "jah23 won by resignation"]
[StartTime "02:31:49"]
[EndDate "2021.02.24"]
[EndTime "03:07:53"]
[Link "https://www.chess.com/live/game/7872849123"]

1. d4 Nf6 2. Nf3 g6 3. Nc3 d5 4. e3 Bg7 5. Be2 O-O 6. h3 Nc6 7. O-O Bf5 8. Bd3 Qd7 9. Bxf5 Qxf5 10. Re1 Qd7 11. e4 dxe4 12. Nxe4 Nxe4 13. Rxe4 Rfe8 14. c3 e5 15. d5 Ne7 16. c4 c6 17. Nxe5 Bxe5 18. Rxe5 cxd5 19. cxd5 Rad8 20. d6 Qxd6 21. Qxd6 Rxd6 22. Bf4 Rdd8 23. Rae1 Kf8 24. Bh6+ Kg8 25. Rxe7 Rxe7 26. Rxe7 Rd1+ 27. Kh2 Rd8 28. Rxb7 a6 29. Ra7 1-0

[Event "Live Chess"]
[Site "Chess.com"]
[Date "2021.02.24"]
[Round "5"]
[White "swimgrass"]
[Black "dum2020arEEEWS"]
[Result "1/2-1/2"]
[CurrentPosition "2b5/6p1/4p3/p1NpPkPp/1p1P3P/1P3K2/P7/8 w - -"]
[Timezone "UTC"]
[ECO "B22"]
[ECOUrl "https://www.chess.com/openings/Sicilian-Defense-Alapin-Variation-2...Nc6-3.d4"]
[UTCDate "2021.02.24"]
[UTCTime "02:31:47"]
[WhiteElo "1480"]
[BlackElo "1444"]
[TimeControl "2100+2"]
[Termination "Game drawn by repetition"]
[StartTime "02:31:47"]
[EndDate "2021.02.24"]
[EndTime "02:58:30"]
[Link "https://www.chess.com/live/game/7872849437"]

1. e4 c5 2. c3 Nc6 3. d4 d6 4. Bb5 Bd7 5. Nf3 a6 6. Bc4 b5 7. Bd5 e6 8. Bxc6 Bxc6 9. Bg5 Be7 10. Bxe7 Nxe7 11. Nbd2 O-O 12. O-O Ng6 13. Re1 Qe7 14. b3 d5 15. e5 b4 16. cxb4 cxb4 17. Rc1 Bb5 18. Nf1 Rfc8 19. Qd2 h6 20. Ne3 Qd7 21. g3 a5 22. Kg2 Rc6 23. Rxc6 Qxc6 24. Rc1 Qb7 25. Rc5 Rc8 26. Qc2 Rxc5 27. Qxc5 Qc6 28. Qxc6 Bxc6 29. Ne1 f6 30. f4 fxe5 31. fxe5 Ne7 32. Nd3 Bd7 33. Nc5 Bc8 34. Kf3 Kf7 35. h4 Kg6 36. g4 h5 37. g5 Nf5 38. Nxf5 Kxf5 39. Nd3 Ba6 40. Nc5 Bc8 41. Nd3 Ba6 42. Nc5 Bc8 1/2-1/2

[Event "Live Chess"]
[Site "Chess.com"]
[Date "2021.02.24"]
[Round "5"]
[White "dribbler23"]
[Black "nmbrown2"]
[Result "1-0"]
[CurrentPosition "8/8/k7/6R1/5K2/r4P1P/6P1/8 b - -"]
[Timezone "UTC"]
[ECO "B33"]
[ECOUrl "https://www.chess.com/openings/Sicilian-Defense-Open-3...cxd4-4.Nxd4"]
[UTCDate "2021.02.24"]
[UTCTime "02:31:59"]
[WhiteElo "1540"]
[BlackElo "1436"]
[TimeControl "2100+2"]
[Termination "dribbler23 won by resignation"]
[StartTime "02:31:59"]
[EndDate "2021.02.24"]
[EndTime "03:31:16"]
[Link "https://www.chess.com/live/game/7872849815"]

1. e4 c5 2. Nf3 Nc6 3. d4 cxd4 4. Nxd4 d6 5. Bb5 Bd7 6. Be3 Nf6 7. Nc3 e6 8. f3 Be7 9. O-O O-O 10. Bd3 d5 11. Nxc6 Bxc6 12. e5 Ne8 13. Bd4 f6 14. Qe1 fxe5 15. Qxe5 Bd7 16. Qh5 h6 17. Qg6 Bf6 18. Qh7+ Kf7 19. Bg6+ Ke7 20. Bc5+ Nd6 21. Nb5 Bxb5 22. Rfe1 Rh8 23. Rxe6+ Kxe6 24. Re1+ Kd7 25. Bf5+ Kc7 26. Qg6 Be8 27. Qg4 Nxf5 28. Qxf5 Qd7 29. Qf4+ Kc8 30. Bd6 g5 31. Qxf6 Rg8 32. Re7 Rg6 33. Qc3+ Qc6 34. Rxe8+ Kd7 35. Qxc6+ bxc6 36. Rxa8 Kxd6 37. Rxa7 Re6 38. Kf2 Rf6 39. h3 Rf4 40. Rh7 Rf6 41. Kg3 Re6 42. a4 Kc5 43. Rb7 Re2 44. Rb3 Rxc2 45. a5 Re2 46. Rb7 Re8 47. b4+ Kc4 48. Rb6 Ra8 49. a6 c5 50. bxc5 Kxc5 51. Rxh6 d4 52. Kf2 Kb5 53. Ke2 Kc4 54. Kd2 d3 55. Rd6 Rb8 56. Rxd3 Rb2+ 57. Ke3 Ra2 58. Rd4+ Kb5 59. Rg4 Kxa6 60. Rxg5 Ra3+ 61. Kf4 1-0

[Event "Live Chess"]
[Site "Chess.com"]
[Date "2021.02.24"]
[Round "5"]
[White "andrewaballantyne"]
[Black "vincitore51745"]
[Result "1-0"]
[CurrentPosition "8/pp2R1kp/3R1np1/2p5/8/8/PP3PPP/6K1 b - -"]
[Timezone "UTC"]
[ECO "C00"]
[ECOUrl "https://www.chess.com/openings/French-Defense-Franco-Sicilian-Defense"]
[UTCDate "2021.02.24"]
[UTCTime "02:32:03"]
[WhiteElo "1360"]
[BlackElo "1098"]
[TimeControl "2100+2"]
[Termination "andrewaballantyne won by resignation"]
[StartTime "02:32:03"]
[EndDate "2021.02.24"]
[EndTime "03:17:29"]
[Link "https://www.chess.com/live/game/7872851119"]

1. e4 c5 2. d4 e6 3. Nf3 Nf6 4. e5 Nd5 5. c4 Nb6 6. d5 d6 7. Nc3 exd5 8. cxd5 Bg4 9. exd6 Bxd6 10. Be2 O-O 11. O-O N8d7 12. Nb5 Be7 13. Bf4 Nf6 14. d6 Bxd6 15. Bxd6 Re8 16. Nc7 Rc8 17. Nxe8 Qxe8 18. Re1 Nbd5 19. Bc4 Qc6 20. Ne5 Bxd1 21. Nxc6 Rxc6 22. Bxd5 Rxd6 23. Raxd1 g6 24. Bxf7+ Kxf7 25. Rxd6 Kg7 26. Re7+ 1-0

[Event "Live Chess"]
[Site "Chess.com"]
[Date "2021.02.24"]
[Round "5"]
[White "adichi"]
[Black "ComfyQueso"]
[Result "1-0"]
[CurrentPosition "1r4k1/2p3q1/1pP1R1pp/p2p2P1/P2P1P2/3Q2K1/P7/1R6 b - -"]
[Timezone "UTC"]
[ECO "D00"]
[ECOUrl "https://www.chess.com/openings/Queens-Pawn-Opening-Accelerated-London-System"]
[UTCDate "2021.02.24"]
[UTCTime "02:32:09"]
[WhiteElo "1414"]
[BlackElo "1074"]
[TimeControl "2100+2"]
[Termination "adichi won by resignation"]
[StartTime "02:32:09"]
[EndDate "2021.02.24"]
[EndTime "03:13:19"]
[Link "https://www.chess.com/live/game/7872851581"]

1. d4 d5 2. Bf4 Nc6 3. e3 Bf5 4. Nf3 Nb4 5. Na3 e6 6. c3 Nc6 7. Bd3 Bxd3 8. Qxd3 Bxa3 9. bxa3 Nf6 10. Rb1 Rb8 11. h4 Qe7 12. c4 O-O 13. Ne5 Qd6 14. c5 Nxe5 15. Bxe5 Qe7 16. f3 Rfd8 17. g4 b6 18. c6 a5 19. a4 g6 20. Kf2 Kg7 21. g5 Kg8 22. Bxf6 Qd6 23. Bxd8 Qxd8 24. Qa3 Qe8 25. Rhc1 Qd8 26. Qd3 f6 27. f4 fxg5 28. hxg5 Qf8 29. Kg3 Qf7 30. Re1 Qg7 31. e4 h6 32. exd5 exd5 33. Re6 1-0

[Event "Live Chess"]
[Site "Chess.com"]
[Date "2021.02.24"]
[Round "5"]
[White "Charvii"]
[Black "Bruce_Hedman"]
[Result "0-1"]
[CurrentPosition "4r1k1/5ppp/p7/1p6/8/P4N2/1PP1qPPP/5KR1 w - -"]
[Timezone "UTC"]
[ECO "C01"]
[ECOUrl "https://www.chess.com/openings/French-Defense-Exchange-Variation-3...exd5-4.Nc3"]
[UTCDate "2021.02.24"]
[UTCTime "02:32:10"]
[WhiteElo "1422"]
[BlackElo "1396"]
[TimeControl "2100+2"]
[Termination "Bruce_Hedman won by checkmate"]
[StartTime "02:32:10"]
[EndDate "2021.02.24"]
[EndTime "02:55:50"]
[Link "https://www.chess.com/live/game/7872852705"]

1. e4 e6 2. d4 d5 3. exd5 exd5 4. Nc3 Nc6 5. Nf3 Nf6 6. Bg5 Be7 7. Bb5 O-O 8. a3 a6 9. Ba4 b5 10. Bb3 Bb7 11. Bxf6 Bxf6 12. Nxd5 Nxd4 13. Nxf6+ Qxf6 14. Qxd4 Rfe8+ 15. Kf1 Qg6 16. Rg1 Rad8 17. Qf4 Bd5 18. Bxd5 Rxd5 19. Qxc7 Qe4 20. Re1 Rd1 21. Qc3 Rxe1+ 22. Qxe1 Qc4+ 23. Qe2 Qxe2# 0-1

[Event "Live Chess"]
[Site "Chess.com"]
[Date "2021.02.24"]
[Round "5"]
[White "night_breeze"]
[Black "worsepot"]
[Result "1-0"]
[CurrentPosition "4Q3/2p5/p1k5/P1bp4/8/2P4P/B4PP1/4RRK1 b - -"]
[Timezone "UTC"]
[ECO "C70"]
[ECOUrl "https://www.chess.com/openings/Ruy-Lopez-Opening-Morphy-Defense-Caro-Variation-5.Bb3"]
[UTCDate "2021.02.24"]
[UTCTime "02:32:06"]
[WhiteElo "1424"]
[BlackElo "1025"]
[TimeControl "2100+2"]
[Termination "night_breeze won by resignation"]
[StartTime "02:32:06"]
[EndDate "2021.02.24"]
[EndTime "03:20:15"]
[Link "https://www.chess.com/live/game/7872853119"]

1. e4 e5 2. Nf3 Nc6 3. Bb5 a6 4. Ba4 b5 5. Bb3 Nf6 6. d3 Bc5 7. O-O O-O 8. c3 d6 9. a4 Bg4 10. Nbd2 Nd7 11. h3 Bh5 12. Re1 Nb6 13. a5 Nd7 14. Nf1 b4 15. Bd5 Ndb8 16. Ng3 Bxf3 17. Qxf3 g6 18. Bh6 Ra7 19. Qg4 Ne7 20. Bg5 h5 21. Nxh5 Qd7 22. Nf6+ Kg7 23. Nxd7 Nxd7 24. Bxe7 Nf6 25. Bxf6+ Kxf6 26. d4 exd4 27. Qh4+ Kg7 28. Rad1 dxc3 29. bxc3 b3 30. Bxb3 Rb7 31. Bd5 Rb2 32. Rf1 Ra2 33. Bxa2 f6 34. e5 g5 35. exf6+ Kxf6 36. Qh6+ Ke7 37. Qxg5+ Ke8 38. Rde1+ Kd7 39. Qe7+ Kc6 40. Qxf8 d5 41. Qe8+ 1-0

[Event "Live Chess"]
[Site "Chess.com"]
[Date "2021.02.24"]
[Round "5"]
[White "Phantom_Beast23"]
[Black "figsnoring"]
[Result "0-1"]
[CurrentPosition "8/8/p2pk1qp/1p2p3/8/P6K/8/8 w - -"]
[Timezone "UTC"]
[ECO "C50"]
[ECOUrl "https://www.chess.com/openings/Giuoco-Piano-Game-Four-Knights-Game"]
[UTCDate "2021.02.24"]
[UTCTime "02:45:09"]
[WhiteElo "1115"]
[BlackElo "1310"]
[TimeControl "2100+2"]
[Termination "figsnoring won by resignation"]
[StartTime "02:45:09"]
[EndDate "2021.02.24"]
[EndTime "03:12:48"]
[Link "https://www.chess.com/live/game/7873488449"]

1. e4 e5 2. Nf3 Nc6 3. Bc4 Bc5 4. Nc3 Nf6 5. Ng5 O-O 6. d3 h6 7. h4 d6 8. Nf3 Ng4 9. Be3 Nxe3 10. fxe3 Bxe3 11. Qe2 Bb6 12. a3 a6 13. Ba2 Bg4 14. Qf2 Bxf2+ 15. Kxf2 Bxf3 16. gxf3 Nd4 17. Rag1 Nxc2 18. Rg4 Kh8 19. Rhg1 g6 20. h5 Qf6 21. R1g3 Rg8 22. Nd5 Qg7 23. hxg6 Qf8 24. Nxc7 Rc8 25. Bxf7 Rxc7 26. Bxg8 Qxg8 27. Rh3 Kg7 28. Rh5 b5 29. Rf5 Qe6 30. f4 Nd4 31. Rf7+ Rxf7 32. gxf7+ Kxf7 33. f5 Nxf5 34. exf5 Qxf5+ 35. Kg3 Qxd3+ 36. Kh4 Qf3 37. Rg3 Qf6+ 38. Kg4 Qg5+ 39. Kf3 Qf4+ 40. Kg2 Qd2+ 41. Kh3 Qxb2 42. Rf3+ Ke6 43. Rg3 Qb1 44. Rg6+ Qxg6 0-1